 Dungeon Crawl Stone Soup version 0.28.0 (webtiles) character file.

Game seed: 17109776827151958974

7051 brinewave the Fighter (level 10, -5/100 HPs)
             Began as a Minotaur Berserker on Feb 19, 2022.
             Was a High Priest of Trog.
             Slain by a white very ugly thing (23 damage)
             ... on level 2 of the Abyss.
             The game lasted 00:31:35 (7499 turns).

brinewave the Fighter (Minotaur Berserker)          Turns: 7499, Time: 00:31:35

Health: -5/100     AC: 23    Str: 25    XL:     10   Next: 83%
Magic:  9/9        EV: 10    Int:  4    God:    Trog [*****.]
Gold:   546        SH:  0    Dex: 17    Spells: 9/9 levels left

rFire   . . .      SeeInvis .   i - +7 spear "Ezephadd" {holy, Fly}
rCold   . . .      Faith    .   (no shield)
rNeg    + . .      Spirit   .   d - +3 chain mail
rPois   .          Reflect  .   (helmet restricted)
rElec   .          Harm     .   y - +1 cloak
rCorr   .          Rampage  .   h - +2 pair of gloves
Will    .....                   z - +1 pair of boots
Stlth   ..........              (no amulet)
HPRegen 0.26/turn               x - ring of positive energy
MPRegen 0.11/turn               E - +6 ring of dexterity

@: berserking, flying, very quick
A: horns 2, retaliatory headbutt, [frail 3]
a: Renounce Religion, Berserk, Trog's Hand, Brothers in Arms


You were on level 2 of the Abyss.
You worshipped Trog.
Trog was extremely pleased with you.
You visited 1 branch of the dungeon, and saw 8 of its levels.
You visited the Abyss 1 time.
You also visited: Sewer.

You collected 546 gold pieces.

Inventory:

Hand Weapons
 a - a +0 hand axe of flaming
 i - the +7 spear "Ezephadd" (weapon) {holy, Fly}
   (You found it on level 2 of the Dungeon)

   It has been blessed by the Shining One to cause great damage to the undead
   and demons.
   Fly:       It grants you flight.
 j - a +0 hand axe of freezing
 m - a +0 hand crossbow
 C - a +0 shortbow
 O - the +1 spear of Sunlight {freeze, Str+4 SInv}
   (You took it off a kobold on level 8 of the Dungeon)

   It freezes those it strikes, dealing additional cold damage.
   It can also slow down cold-blooded creatures.
   Str:       It affects your strength (+4).
   SInv:      It lets you see invisible.
Missiles
 n - 65 bolts
 p - 21 poisoned darts (quivered)
 D - 109 arrows
 I - a throwing net
Armour
 d - a +3 chain mail (worn)
 h - a +2 pair of gloves (worn)
 k - a +0 plate armour
 y - a +1 cloak (worn)
 z - a +1 pair of boots (worn)
 G - the +1 robe of Lugonu's Felicitations {Rampage +Inv}
   (You found it on level 6 of the Dungeon)

   +Inv:      It lets you turn invisible.
   Rampage:   It bestows one free step when moving towards enemies.
Jewellery
 t - a ring of fire
 x - a ring of positive energy (left hand)
 E - a +6 ring of dexterity (right hand)
 K - a ring of protection from cold
 P - a +6 ring of dexterity
 R - a +4 ring of protection
Wands
 l - a wand of polymorph (16)
 A - a wand of charming (6)
 F - a wand of flame (15)
 Q - a wand of acid (8)
Scrolls
 v - a scroll of blinking
 H - a scroll of teleportation
 M - a scroll of summoning {unknown}
 N - a scroll of acquirement {unknown}
Potions
 b - 6 potions of curing
 c - 3 potions of magic
 e - 2 potions of invisibility
 f - 3 potions of heal wounds
 g - a potion of mutation {unknown}
 o - a potion of cancellation {unknown}
 q - a potion of experience {unknown}
 r - a potion of might {unknown}
 s - 2 potions of haste
 u - a potion of degeneration {unknown}
 w - a potion of berserk rage {unknown}
 B - 5 potions of resistance
 J - a potion of ambrosia {unknown}
 L - a potion of brilliance {unknown}


   Skills:
 + Level 12.1 Fighting
 - Level 4.3(8.4) Axes
 + Level 11.2(11.5) Polearms
 + Level 11.8 Armour
 - Level 2.1 Dodging


You had 9 spell levels left.
You didn't know any spells.
Your spell library was empty.

Dungeon Overview and Level Annotations

Branches:
Dungeon (8/15)             Temple (0/1) D:4           Sewer (visited)
   Lair: D:8-11

Altars:
Elyvilon
Vehumet
Wu Jian
Xom
Zin

Portals:
Abyss: D:8

Annotations:
D:8 1 transporter


Innate Abilities, Weirdness & Mutations

You have a pair of horns on your head.
You reflexively headbutt those who attack you in melee.
[You are extremely frail. (-30% HP)]


Message History

The wretched star is almost destroyed.
The wretched star pulses with an eldritch light!
You feel frail.
You hit the wretched star but do no damage.
The wretched star is almost destroyed.
You hit the wretched star.
You destroy the wretched star!
That felt strangely unrewarding.
You start resting.
A shadow demon comes into view.
You start resting.
You are suddenly pulled into a different region of the Abyss!
An ufetubus comes into view.
There is an open door here.
You puncture the ufetubus!
You kill the ufetubus!
That felt strangely unrewarding.
There is an open door here.
You reach down and close the door.
You reach down and open the door.
There is an open door here.
A white very ugly thing comes into view.
The white very ugly thing gurgles horribly!
An ancient zyme comes into view.
You feel yourself growing ill in the presence of the ancient zyme.
The white very ugly thing tentacle-slaps you.
The white very ugly thing freezes you!!
A red film seems to cover your vision as you go berserk!
You feel yourself moving faster!
You feel mighty!
The white very ugly thing tentacle-slaps you.
The white very ugly thing freezes you!!!
* * * LOW HITPOINT WARNING * * *
You puncture the white very ugly thing!
The white very ugly thing is lightly wounded.
You closely miss the white very ugly thing.
The white very ugly thing is lightly wounded.
The white very ugly thing tentacle-slaps you!
* * * LOW HITPOINT WARNING * * *
The white very ugly thing freezes you!!
You die...

#.#. .#. .
#... .## ####
#...##
...#... #
...#....# #
##..#.... ..#
##.. #...## #
###.#.#.# #
..#..###.##.#
#....##@#..#
## ..####u.##
#... ..##..#
#########.#
..# ..# ...
.#.#


You could see a white very ugly thing.

Vanquished Creatures
  A hydra (D:8)
  A two-headed ogre (D:8)
  2 wretched stars (Abyss:2)
  Pikel (D:5)
  A toenail golem (D:8)
  The ghost of tchen the Transmogrifier, a novice DrTm of Hepliaklqana (D:8)
  2 large abominations (Abyss:2)
  The ghost of Illumine the Cudgeller, an amateur TrMo (D:4)
  A troll (D:5)
  Grinder (D:3)
  2 slime creatures (D:6)
  3 small abominations
  3 yaks (D:8)
  Edmund (D:5)
  3 ice beasts
  5 ogres
  A black bear (D:6)
  3 necrophages
  A lemure (D:5)
  2 centaurs
  4 kobold brigands
  3 bullfrogs
  A wyvern zombie (D:4)
  2 scorpions (D:6)
  2 howler monkeys (D:8)
  5 electric eels
  2 hounds
  5 jellies (D:6)
  An orc priest (D:4)
  A bullfrog skeleton (D:5)
  An iron imp (Abyss:2)
  Crazy Yiuf (D:3)
  6 iguanas
  3 orc wizards
  A statue (D:3)
  3 killer bee zombies
  A bullfrog simulacrum (D:4)
  2 scorpion simulacra (D:4)
  6 adders
  A howler monkey skeleton (D:7)
  A river rat (D:4)
  A hound simulacrum (D:4)
  A shadow imp (D:7)
  An ufetubus (Abyss:2)
  An adder skeleton (D:4)
  2 dart slugs
  10 orcs
  15 endoplasms
  6 giant cockroaches
  8 hobgoblins
  8 jackals
  27 kobolds
  4 quokkas
  14 ball pythons
  9 bats
  8 frilled lizards
  6 goblins
  8 rats
217 creatures vanquished.

Vanquished Creatures (others)
  4 fungi (D:6)
  57 plants
  9 toadstools (D:6)
70 creatures vanquished.

Grand Total: 287 creatures vanquished

Notes
Turn   | Place    | Note
-------+----------+-------------------------------------------
     0 | D:1      | brinewave the Minotaur Berserker began the quest for the
                  | Orb.
     0 | D:1      | Reached XP level 1. HP: 19/19 MP: 0/0
   119 | D:1      | Reached XP level 2. HP: 19/27 MP: 1/1
   228 | D:1      | Reached skill level 4 in Fighting
   411 | D:1      | Reached ** piety under Trog
   412 | D:1      | Reached XP level 3. HP: 29/33 MP: 2/2
   769 | D:1      | Found a faded altar of an unknown god.
  1288 | D:2      | Identified the +7 spear "Ezephadd" {holy, Fly}
  1559 | D:3      | Found a glowing silver altar of Zin.
  1641 | D:3      | Reached XP level 4. HP: 37/41 MP: 3/3
  1643 | D:3      | Reached skill level 1 in Polearms
  1706 | D:3      | Noticed Grinder
  1790 | D:4      | Reached skill level 5 in Fighting
  1797 | D:4      | Reached XP level 5. HP: 39/48 MP: 4/4
  1797 | D:4      | Reached *** piety under Trog
  1858 | D:4      | Found a glowing drain.
  1865 | Sewer    | Entered a sewer
  2087 | Sewer    | Reached XP level 6. HP: 56/56 MP: 5/5
  2251 | D:4      | Found a runed translucent gate.
  2251 | D:4      | Found a runed translucent gate.
  2251 | D:4      | Found a runed translucent gate.
  2263 | D:4      | Reached skill level 5 in Armour
  2267 | D:4      | Found a shimmering altar of Xom.
  2339 | D:4      | Reached skill level 6 in Fighting
  2430 | D:4      | Reached **** piety under Trog
  2550 | D:4      | Reached XP level 7. HP: 61/63 MP: 6/6
  2603 | D:4      | Noticed Illumine's ghost (amateur TrMo)
  2833 | D:3      | Found a radiant altar of Vehumet.
  2855 | D:3      | Paralysed by Grinder for 7 turns
  2874 | D:3      | Paralysed by Grinder for 4 turns
  2878 | D:3      | Killed Grinder
  2895 | D:3      | Found a runed translucent door.
  2896 | D:3      | Noticed Crazy Yiuf
  2903 | D:3      | Killed Crazy Yiuf
  2904 | D:3      | Reached skill level 5 in Polearms
  3220 | D:4      | Killed Illumine's ghost
  3221 | D:4      | Reached skill level 7 in Fighting
  3221 | D:4      | Reached XP level 8. HP: 73/73 MP: 7/7
  3395 | D:4      | Found a staircase to the Ecumenical Temple.
  3574 | D:5      | Entered Level 5 of the Dungeon
  3582 | D:5      | Reached skill level 8 in Fighting
  3686 | D:5      | Noticed a troll
  3697 | D:5      | Killed a troll
  4176 | D:5      | Noticed Pikel
  4189 | D:5      | Killed Pikel
  4190 | D:5      | Reached skill level 9 in Fighting
  4190 | D:5      | Reached XP level 9. HP: 83/83 MP: 8/8
  4461 | D:6      | Noticed Edmund
  4481 | D:5      | Killed Edmund
  4531 | D:6      | Identified the +1 robe of Lugonu's Felicitations {Rampage
                  | +Inv}
  4561 | D:6      | Found an ornate altar of the Wu Jian Council.
  4810 | D:6      | Found a white marble altar of Elyvilon.
  4860 | D:6      | Reached skill level 10 in Fighting
  5087 | D:6      | Reached skill level 10 in Armour
  5869 | D:7      | Reached XP level 10. HP: 86/94 MP: 9/9
  6052 | D:8      | Noticed a two-headed ogre
  6147 | D:8      | Reached ***** piety under Trog
  6383 | D:8      | Reached skill level 11 in Fighting
  6383 | D:8      | Reached skill level 10 in Polearms
  6428 | D:8      | Killed a two-headed ogre
  6516 | D:8      | Identified the +1 spear of Sunlight {freeze, Str+4 SInv}
  6517 | D:8      | Noticed a four-headed hydra
  6539 | D:8      | Killed a four-headed hydra
  6841 | D:8      | Found a transporter.
  7056 | D:8      | Noticed a wizard
  7056 | D:8      | Noticed tchen's ghost (novice DrTm)
  7061 | D:8      | Found a transporter.
  7065 | D:8      | Found a one-way gate to the infinite horrors of the Abyss.
  7068 | D:8      | Noticed a toenail golem
  7076 | D:8      | Killed a toenail golem
  7164 | D:8      | Killed tchen's ghost
  7165 | D:8      | Reached skill level 12 in Fighting
  7171 | D:8      | Cast into level 2 of the Abyss (a wizard)
  7183 | Abyss:2  | Noticed a large abomination
  7198 | Abyss:2  | Killed a large abomination
  7206 | Abyss:2  | Noticed a wretched star
  7251 | Abyss:2  | Killed a wretched star
  7346 | Abyss:2  | Noticed a wretched star
  7374 | Abyss:2  | Killed a wretched star
  7393 | Abyss:2  | Noticed a shadow demon
  7493 | Abyss:2  | Noticed a white very ugly thing
  7499 | Abyss:2  | Slain by a white very ugly thing

Illustrated notes

Levels and vault maps discovered:
D:1:      dpeg_arrival_leaves_temple_mockup, layout_rooms,
          dilly_ecumenical_altar_fadedgnrine, chequers_serial_rivers_micro_c
D:2:      minmay_skewed_foursquare, layout_basic
D:3:      layout_loops_ring, mainiacjoe_overflow_cross_hatched, vehumet_statue,
          uniq_grinder, uniq_crazy_yiuf_cottage
D:4:      layout_gridville, mainiacjoe_overflow_tiny_flanked, temple_fountains,
          portal_sewer_entry_b, gammafunk_ghost_icy
D:5:      layout_loops_ring, lightli_corner_chamber, uniq_pikel
D:6:      cheibrodos_fertilizer, layout_rooms, nicolae_elyvilon_temple_path,
          mainiacjoe_overflow_small_starburst, minmay_misc_feat_alley,
          dk_noncrumbling_3, uniq_edmund
D:7:      layout_gridville, minmay_statues_item, nicolae_water_bricks,
          serial_park_tiny_1, hangedman_abyss_or_decor_slice,
          minmay_misc_feat_five
D:8:      layout_rooms, lemuel_coloured_pillars_altar,
          gammafunk_ghost_abyssal_escape, serial_bayou, serial_bayou_lagoon_a,
          serial_bayou_crossing, serial_bayou_lake_a
Abyss:2:  base:
D:5

Skill      XL: |  1  2  3  4  5  6  7  8  9 10 |
---------------+-------------------------------+-----
Fighting       | 4 5 6 7 9 10 12 | 12.1
Axes           | 4 |  4.3
Armour         | 3 4 5 6 8 10 11 | 11.8
Polearms       | 2 3 4 5 8 9 11 | 11.2
Dodging        | |  2.1

Action                   |  1- 3 |  4- 6 |  7- 9 | 10-12 || total
-------------------------+-------+-------+-------+-------++-------
Melee: Hand axe          |    75 |       |       |       ||    75
       Headbutt          |     7 |    15 |    57 |    36 ||   115
       Punch             |     2 |     1 |     1 |     2 ||     6
       Spear             |    16 |   142 |   220 |   167 ||   545
Invok: Berserk           |       |       |     3 |     3 ||     6
  Use: Scroll            |     5 |     5 |     4 |     2 ||    16
Armor: Animal skin       |     5 |       |       |       ||     5
       Leather armour    |    17 |       |       |       ||    17
       Chain mail        |     4 |    64 |    81 |    56 ||   205
Dodge: Dodged            |    51 |    44 |    50 |    30 ||   175
